 Dungeon Crawl Stone Soup version 0.24-a0-515-gbe7f5e2e8d (webtiles) character file.

Game seed: 8957598659958179766

1481 KapersCrawl the Scholar of Death (level 8, -2/60 (68) HPs)
             Began as a Ghoul Necromancer on July 21, 2019.
             Was a Follower of Kikubaaqudgha.
             Slain by a two-headed ogre
             ... wielding a +0 giant club
              (21 damage)
             ... on level 6 of the Dungeon.
             The game lasted 00:39:14 (7772 turns).

KapersCrawl the Scholar of Death (GhNe)             Turns: 7772, Time: 00:39:15

HP:   -2/60 (68)    AC: 12    Str: 12    XL:     8   Next: 79%
MP:   1/13          EV: 11    Int: 12    God:    Kikubaaqudgha [*.....]
Gold: 259           SH:  0    Dex:  9    Spells: 4/15 levels left

rFire    . . .     SeeInvis +   y - +1 trident (freeze)
rCold    + + .     Gourm    .   (no shield)
rNeg     + + +     Faith    .   j - +1 ring mail
rPois    ∞         Spirit   .   a - +0 helmet
rElec    .         Reflect  .   u - +1 cloak
rCorr    .         Harm     .   f - +2 pair of gloves
MR       .....                  (no boots)
Stlth    ++........             m - amulet of the acrobat
HPRegen  0.00/turn              o - ring of protection from cold
MPRegen  0.13/turn              s - ring of see invisible

@: rotting
A: rotting body, claws 1, carnivore, cold resistance 1, negative energy
resistance 3, inhibited regeneration, torment resistance, unbreathing
a: Receive Corpses, Renounce Religion


You were on level 6 of the Dungeon.
You worshipped Kikubaaqudgha.
Kikubaaqudgha was aware of your devotion.
You were hungry.

You visited 2 branches of the dungeon, and saw 7 of its levels.

You collected 260 gold pieces.
You spent 1 gold pieces at shops.

Inventory:

Hand Weapons
 y - a +1 trident of freezing (weapon)
Missiles
 g - 295 stones
 q - 31 poisoned darts (quivered)
Armour
 a - a +0 helmet (worn)
 f - a +2 pair of gloves (worn)
 j - a +1 ring mail (worn)
 u - a +1 cloak (worn)
 C - the +1 buckler of Generosity {rElec rPois rF+ Int+6}
   (You took it off an orc on level 6 of the Dungeon)

   It affects your intelligence (+6).
   It protects you from fire.
   It insulates you from electricity.
   It protects you from poison.
Jewellery
 m - an amulet of the acrobat (around neck)
 n - an uncursed ring of protection from magic {unknown}
 o - a ring of protection from cold (left hand)
 s - a ring of see invisible (right hand)
 t - an uncursed ring of flight
Wands
 A - a wand of disintegration (12)
Scrolls
 b - 3 scrolls of remove curse
 e - 2 scrolls of enchant weapon {unknown}
 h - a scroll of amnesia {unknown}
 k - a scroll of fear {unknown}
 p - a scroll of identify
 v - a scroll of magic mapping {unknown}
 w - a scroll of teleportation {unknown}
Potions
 d - 3 potions of brilliance
 i - a potion of heal wounds {unknown}
 l - a potion of curing
 r - 3 potions of might {unknown}
 z - a potion of invisibility {unknown}
Comestibles
 c - 9 rations


   Skills:
 + Level 5.3 Fighting
 - Level 2.0 Armour
 - Level 2.1 Dodging
 + Level 6.5 Stealth
 + Level 0.2 Shields
 + Level 4.4 Spellcasting
 + Level 6.5 Necromancy


You had 4 spell levels left.
You knew the following spells:

 Your Spells              Type           Power        Failure   Level  Hunger
a - Pain                  Necr           ###.         3%          1    None
b - Vampiric Draining     Necr           ###.......   10%         3    ###....
c - Corpse Rot            Necr           N/A          4%          2    ##.....
d - Animate Dead          Necr           N/A          32%         4    ####...
o - Animate Skeleton      Necr           N/A          3%          1    None

Your spell library contained the following spells:

 Spells                   Type           Power        Failure   Level  Hunger
 Regeneration             Chrm/Necr      ##........   36%         3    ###....


Dungeon Overview and Level Annotations

Branches:
Dungeon (6/15)             Temple (1/1) D:4

Altars:
Ashenzari
Cheibriados
Dithmenos
Elyvilon
Fedhas
Gozag
Hepliaklqana
Kikubaaqudgha
Makhleb
Nemelex Xobeh
Okawaru
Qazlal
Ru
Sif Muna
Trog
Uskayaw
Vehumet
Wu Jian
Xom
Yredelemnul
Zin
The Shining One

Shops:
D:6 *

Annotations:
D:1 exclusion: downstairs
D:4 exclusion: downstairs
D:5 1 exclusion
D:6 exclusion: gnoll


Innate Abilities, Weirdness & Mutations

Your body is rotting away.
You thrive on raw meat.
You are immune to poison.
You have sharp fingernails.
You are carnivorous and can eat meat at any time.
Your flesh is cold resistant. (rC+)
You are immune to negative energy. (rN+++)
You do not regenerate when monsters are visible.
You are immune to unholy pain and torment.
You can survive without breathing.


Message History

Kikubaaqudgha delivers you corpses!
You are feeling hungry.
Search for what [Enter for "sword", or ? for help]? corpse
Press: ? - help, v - describe, . - travel, g - get item A hippogriff corpse.
The floor.
Unknown command.
Things that are here:
a +0 morningstar; an orc corpse Unknown command.
Casting: Animate Skeleton (safe; 3% risk of failure)
Confirm with . or Enter, or press ? or * to list all spells.
You smell decay.
The two-headed ogre is engulfed in dark miasma.
The two-headed ogre looks as sick as possible!
The two-headed ogre seems to slow down.
The two-headed ogre hits you with a +0 giant club!
The two-headed ogre hits you with a +0 giant spiked club!!
You die...
Kikubaaqudgha rasps: "You have failed me!
Welcome... oblivion!"

#(.####....##.......##.
#...##....##.###.####.
######.......##.###.##...
.....(Z%.....#.##..##.#(
#####.(.###).#...##.##....
.((.((...##Z###..##.#...##
.####.##.##§###.....z.###
#..%##..O.##..##....#
...##...@####.###..#.#
g### #.##..###.####...# #.
##.###.(....##...## #g
#..# ####[#......###. #.
#.## ##..###........
#g####.# ##..##.....###..
#.#.>.(####..###.##..#
#.#.##....[.## #.##..###.#
#.#.##......# #.##<.....#


You could see a two-headed ogre and a friendly gnoll skeleton.

Vanquished Creatures
  An ice beast (D:5)
  2 sky beasts
  2 centaurs
  3 ogres
  A bullfrog (D:6)
  A wyvern zombie (D:6)
  3 scorpions
  3 crimson imps (D:5)
  A hound (D:4)
  A jelly (D:5)
  An orc priest (D:5)
  3 orc wizards
  An iguana (D:5)
  A hound zombie (D:5)
  A hound skeleton (D:2)
  A worker ant zombie (D:5)
  Robin (D:3)
  A gnoll (D:6)
  4 adders
  A shadow imp (D:6)
  An ooze (D:4)
  2 adder skeletons
  A worm (D:4)
  A dart slug (D:3)
  4 leopard geckos
  5 orcs
  2 giant cockroaches
  13 goblins
  5 hobgoblins
  8 kobolds
  2 quokkas
  A ball python (D:4)
  6 bats
  5 frilled lizards
  A jackal zombie (D:5)
  A leopard gecko skeleton (D:4)
  A quokka zombie (D:5)
  8 rats
100 creatures vanquished.

Vanquished Creatures (collateral kills)
  A scorpion (D:4)
  A bullfrog skeleton (D:6)
  A jelly (D:6)
  An orc wizard (D:6)
  An adder (D:2)
  An adder zombie (D:5)
  An adder skeleton (D:5)
  A leopard gecko (D:5)
  2 orcs (D:5)
  A bat (D:1)
  2 goblins (D:1)
  A hobgoblin (D:1)
  2 quokkas
  A rat (D:1)
17 creatures vanquished.

Grand Total: 117 creatures vanquished

Notes
Turn   | Place    | Note
-------+----------+-------------------------------------------
     0 | D:1      | KapersCrawl the Ghoul Necromancer began the quest for the
                  | Orb.
     0 | D:1      | Reached XP level 1. HP: 14/14 MP: 2/2
   572 | D:1      | Reached XP level 2. HP: 13/22 MP: 0/3
   577 | D:1      | Learned a level 1 spell: Animate Skeleton
  1414 | D:1      | Reached skill level 1 in Fighting
  1494 | D:1      | Reached XP level 3. HP: 27/28 MP: 3/5
  1981 | D:2      | Reached XP level 4. HP: 34/34 MP: 3/6
  2959 | D:3      | Noticed Robin
  3060 | D:4      | Learned a level 3 spell: Vampiric Draining
  3073 | D:3      | Reached skill level 1 in Armour
  3257 | D:3      | Killed Robin
  3257 | D:3      | Reached XP level 5. HP: 40/41 MP: 0/7
  4515 | D:4      | Found a staircase to the Ecumenical Temple.
  4526 | Temple   | Entered the Ecumenical Temple
  4625 | Temple   | Became a worshipper of Kikubaaqudgha
  4723 | D:4      | Reached XP level 6. HP: 31/43 MP: 0/9
  5011 | D:5      | Entered Level 5 of the Dungeon
  5162 | D:4      | Reached skill level 5 in Necromancy
  5328 | D:5      | Reached XP level 7. HP: 38/57 MP: 1/10
  5463 | D:5      | Found a radiant altar of Vehumet.
  5964 | D:5      | Reached skill level 5 in Stealth
  6095 | D:5      | Reached XP level 8. HP: 23/66 MP: 4/12
  6473 | D:5      | Reached * piety under Kikubaaqudgha
  6473 | D:5      | Identified Kikubaaqudgha's Papyrus of Unholy Magic
                  | (Kikubaaqudgha gifted it to you on level 5 of the Dungeon)
  6473 | D:5      | Received a gift from Kikubaaqudgha
  6614 | D:5      | Learned a level 2 spell: Corpse Rot
  6905 | D:6      | Found Kaca's Lightly-Used Armoury.
  6907 | D:6      | Bought a -2 triple sword for 1 gold piece
  7172 | D:6      | Reached skill level 5 in Fighting
  7696 | D:6      | Identified the +1 buckler of Generosity {rElec rPois rF+
                  | Int+6}
  7719 | D:6      | Learned a level 4 spell: Animate Dead
  7756 | D:6      | Noticed a two-headed ogre
  7772 | D:6      | Slain by a two-headed ogre

Levels and vault maps discovered:
D:1:      shiori_arrival_oz, layout_basic, minmay_misc_feat_cross
D:2:      layout_loops_ring
D:3:      layout_basic, uniq_robin
D:4:      layout_gridville, temple_statues
D:5:      minmay_bubble_buster, layout_loops_ring, lemuel_crystal_altar,
          first_ration
D:6:      layout_rooms, minmay_misc_feat_more_columns,
          corexii_item_surrounded_by_moat, minmay_shop_damaged, abandoned_shop
Temple:   grunt_wide_crystal_templ

Skill      XL: |  1  2  3  4  5  6  7  8 |
---------------+-------------------------+-----
Dodging        | 2 |  2.1
Spellcasting   | 2 3 4 |  4.4
Fighting       | 1 2 3 4 5 |  5.3
Stealth        | 3 4 5 6 |  6.5
Armour         | 1 2 |  2.0
Necromancy     | 5 6 |  6.5
Shields        | |  0.2

Action                   |  1- 3 |  4- 6 |  7- 9 || total
-------------------------+-------+-------+-------++-------
Melee: Unarmed           |    32 |   117 |       ||   149
       Trident           |       |       |    84 ||    84
       Triple sword      |       |       |    22 ||    22
Throw: Stone             |     2 |       |    12 ||    14
       Dart              |       |    12 |    11 ||    23
 Cast: Pain              |    47 |   116 |    71 ||   234
       Animate Skeleton  |    10 |    12 |    10 ||    32
       Vampiric Draining |       |     5 |    10 ||    15
       Corpse Rot        |       |       |     4 ||     4
Invok: Receive Corpses   |       |       |     1 ||     1
  Use: Scroll            |     2 |     5 |       ||     7
       Potion            |       |     1 |       ||     1
 Stab: Sleeping          |     1 |       |     1 ||     2
       Distracted        |       |       |     1 ||     1
  Eat: Chunk             |     5 |    20 |     6 ||    31
       Ration            |       |     1 |       ||     1
Armor: Robe              |     4 |       |       ||     4
       Ring mail         |    13 |    73 |    89 ||   175
Dodge: Dodged            |    26 |   105 |    99 ||   230
       Rpst.: Triple sword |       |       |    10 ||    10

Table legend:
 A = Non-vault XP
 B = Vault XP
 C = Vault XP percentage of total XP
 D = Non-vault monster count
 E = Vault monster count
 F = Vault count percentage of total count
                 A         B        C        D         E       F
            +---------+---------+-------+---------+---------+-------
      Total |    1904 |     212 |  10.0 |     103 |      14 |  12.0
            +---------+---------+-------+---------+---------+-------
        D:1 |      32 |       2 |   5.9 |      23 |       1 |   4.2
        D:2 |      80 |       0 |   0.0 |      18 |       0 |   0.0
        D:3 |      68 |      27 |  28.4 |      15 |       7 |  31.8
        D:4 |     284 |       0 |   0.0 |      12 |       0 |   0.0
        D:5 |     777 |     183 |  19.1 |      20 |       6 |  23.1
        D:6 |     663 |       0 |   0.0 |      15 |       0 |   0.0
            +---------+---------+-------+---------+---------+-------
